 Dungeon Crawl Stone Soup version 0.29-a0-925-g0a7a3d12f8 (webtiles) character file.

Game seed: 3388767599192369471

6811 freelancePsychic the Skirmisher (level 11, -6/89 HPs)
             Began as a Ghoul Wanderer on July 29, 2022.
             Was a Believer of Hepliaklqana.
             Mangled by a wolf (9 damage)
             ... led by Grum
             ... on level 9 of the Dungeon.
             The game lasted 00:23:25 (8962 turns).

freelancePsychic the Skirmisher (Ghoul Wanderer)    Turns: 8962, Time: 00:23:26

Health: -6/89      AC: 12    Str: 14    XL:     11   Next: 5%
Magic:  12/12      EV: 10    Int: 10    God:    Hepliaklqana [**....]
Gold:   52         SH:  0    Dex: 16    Spells: 12/13 levels left

rFire   . . .      SeeInvis .   a - +1 hand crossbow (freeze)
rCold   + + .      Faith    .   (no shield)
rNeg    + + +      Spirit   .   e - +0 ring mail
rPois   ∞          Reflect  .   c - +0 helmet
rElec   .          Harm     .   f - +0 cloak
rCorr   .          Rampage  .   i - +2 pair of gloves
Will    .....                   x - +1 pair of boots of the Original Sin {rC+ rN+ Int+4}
Stlth   +++.......              l - amulet of the acrobat
HPRegen 0.00/turn               (no ring)
MPRegen 0.13/turn               (no ring)

@: inhibited regen
A: reduced essence, claws 1, cold resistance 1, negative energy resistance 3,
inhibited regeneration, torment resistance 2, devour on kill
a: Renounce Religion, Recall Ancestor, Ancestor Identity


You were on level 9 of the Dungeon.
You worshipped Hepliaklqana.
Hepliaklqana was pleased with you.
You visited 2 branches of the dungeon, and saw 10 of its levels.

You collected 780 gold pieces.
You spent 728 gold pieces at shops.

Inventory:

Hand Weapons
 a - a +1 hand crossbow of freezing (weapon)
 b - a +2 sling of electrocution
Armour
 c - a +0 helmet (worn)
 e - a +0 ring mail (worn)
 f - a +0 cloak (worn)
 i - a +2 pair of gloves (worn)
 x - the +1 pair of boots of the Original Sin (worn) {rC+ rN+ Int+4}
   (You acquired it on level 2 of the Dungeon)

   Int:       It affects your intelligence (+4).
   rC:        It protects you from cold.
   rN:        It protects you from negative energy.
Jewellery
 l - an amulet of the acrobat (around neck)
 m - an amulet of guardian spirit
Scrolls
 t - a scroll of magic mapping
 u - a scroll of brand weapon
Potions
 d - a potion of lignification
 g - 3 potions of flight
 k - a potion of attraction
 n - 2 potions of brilliance
 o - a potion of resistance
 r - a potion of mutation
 s - a potion of might


   Skills:
 + Level 10.0 Fighting
 * Level 12.0 Ranged Weapons
 - Level 1.0 Dodging
 - Level 6.0 Stealth
 - Level 1.7 Spellcasting
 - Level 1.5 Conjurations
 + Level 1.6 Invocations


You had 12 spell levels left.
You knew the following spells:

 Your Spells              Type           Power      Damage    Failure   Level
a - Foxfire               Conj/Fire      8%         2x1d4     43%         1

Your spell library contained the following spells:

 Spells                   Type           Power      Damage    Failure   Level
 Apportation              Tloc           0%         N/A       54%         1
 Necrotise                Necr           0%         1d4       54%         1
 Summon Small Mammal      Summ           0%         N/A       54%         1
 Blink                    Tloc           0%         N/A       69%         2
 Dazzling Flash           Conj/Hex       4%         N/A       82%         3
 Stone Arrow              Conj/Erth      4%         3d7       82%         3
 Gell's Gravitas          Tloc           0%         N/A       89%         3
 Lesser Beckoning         Tloc           0%         N/A       89%         3
 Teleport Other           Tloc           0%         N/A       89%         3
 Animate Armour           Summ/Erth      0%         N/A       100%        4
 Manifold Assault         Tloc           0%         N/A       100%        5
 Dispersal                Tloc           0%         N/A       100%        6
 Lehudib's Crystal Spear  Conj/Erth      1%         10d2      100%        8


Dungeon Overview and Level Annotations

Branches:
Dungeon (9/15)             Temple (1/1) D:4            Lair (0/5) D:8
    Orc: D:9-12

Altars:
Ashenzari
Cheibriados
Dithmenos
Fedhas
Gozag
Hepliaklqana
Kikubaaqudgha
Nemelex Xobeh
Okawaru
Qazlal
Ru
Sif Muna
Trog
Uskayaw
Vehumet
Wu Jian
Xom
Yredelemnul

Shops:
D:2 *   D:4 :

Annotations:
D:4 1 runed translucent door, Crazy Yiuf
D:9 Erolcha


Innate Abilities, Weirdness & Mutations

Your life essence is reduced to manifest your ancestor. (-10% HP)
You are immune to poison.
You have sharp fingernails.
Your flesh is cold resistant. (rC+)
You are immune to negative energy. (rN+++)
You do not regenerate when monsters are visible.
You are immune to unholy pain and torment.
You thrive by killing the living.


Message History

The wolf bites you.
* * * LOW HITPOINT WARNING * * *
The wolf bites you but does no damage. The orc warrior barely misses you.
Okay, then.
Okay, then.
You aren't carrying any items that you can evoke.
Fire: a) +1 hand crossbow (freeze)
Press: ? - help, Shift-Dir - straight line, f/p - orc warrior
Aim: an orc warrior, wielding a +0 mace and wearing a +0 chain mail (moderately wounded, 70% to hit)
You shoot a bolt. The bolt hits the orc warrior!
The bolt freezes the orc warrior.
You kill the orc warrior!
The wolf bites you but does no damage. x2
Fire: a) +1 hand crossbow (freeze)
Press: ? - help, Shift-Dir - straight line, f - acid dragon
Aim: an acid dragon (72% to hit)
You shoot a bolt. The bolt hits the acid dragon!
The bolt freezes the acid dragon.
The acid dragon is heavily wounded.
The wolf bites you.
* * * LOW HITPOINT WARNING * * *
The wolf bites you.
* * * LOW HITPOINT WARNING * * *
The acid dragon spits acid at you. The splash of acid hits you!
* * * LOW HITPOINT WARNING * * *
Fire: a) +1 hand crossbow (freeze)
Press: ? - help, Shift-Dir - straight line, f/p - acid dragon
Aim: an acid dragon (heavily wounded, catching its breath, 72% to hit)
You shoot a bolt. The bolt hits the acid dragon.
The bolt freezes the acid dragon.
The acid dragon is severely wounded.
The wolf barely misses you. The wolf bites you but does no damage.
The acid dragon bites you but does no damage.
The acid dragon barely misses you.
The acid dragon bites you but does no damage.
The acid dragon claws you.
* * * LOW HITPOINT WARNING * * *
The wolf bites you!
You die...

g. #. #. ######'##
#......)### ###
#......D§§##### ...#
#..[....#DD§)o# ....#
#...o...#####D#.....#
+...{...# #@h....b#
#.......# ###.....#
######### [....#
#####


You could see an acid dragon (catching breath), a wolf and an orc.

Vanquished Creatures
  A two-headed ogre (D:8)
  Pikel (D:5)
  A hornet (D:7)
  Prince Ribbit (D:6)
  Grinder (D:5)
  A wyvern (D:6)
  Grum (D:9)
  3 yaks (D:8)
  Menkaure (D:4)
  Edmund (D:5)
  2 water moccasins
  2 ice beasts
  5 orc warriors
  A sky beast (D:6)
  A black bear (D:6)
  3 ogres
  A wolf (D:9)
  2 centaurs
  A phantom (D:5)
  A kobold brigand (D:8)
  Blork the orc (D:5)
  A bullfrog (D:9)
  A necrophage (D:7)
  4 scorpions
  2 gnoll sergeants (D:7)
  5 wights (D:7)
  A howler monkey (D:6)
  An oklob sapling (D:4)
  5 orc priests
  2 hounds
  A gnoll bouda (D:6)
  Ijyb (D:3)
  7 orc wizards
  3 iguanas
  10 gnolls
  4 adders
  A shadow imp (D:6)
  A white imp (D:6)
  A worm (D:2)
  28 orcs
  5 bats
  3 endoplasms
  4 giant cockroaches
  6 goblins
  8 hobgoblins
  2 jackals (D:1)
  17 kobolds
  2 quokkas
  4 ball pythons
  8 frilled lizards
  2 rats
172 creatures vanquished.

Vanquished Creatures (collateral kills)
  2 yaks (D:8)
  2 orc warriors
  An ogre (D:7)
  A wolf (D:9)
  A necrophage (D:6)
  2 wights (D:7)
  An orc priest (D:9)
  An orc wizard (D:7)
  2 orcs
13 creatures vanquished.

Vanquished Creatures (others)
  A knight (D:9)
  5 ancestors
  16 plants (D:4)
22 creatures vanquished.

Grand Total: 207 creatures vanquished

Notes
Turn   | Place    | Note
-------+----------+-------------------------------------------
     0 | D:1      | freelancePsychic the Ghoul Wanderer began the quest for the
                  | Orb.
     0 | D:1      | freelancePsychic set off with the following items: a +2
                  | sling, a +0 helmet, a scroll of teleportation {@r4}, a +0
                  | leather armour; and the following spell memorised: Foxfire;
                  | and the following spells available to memorise: Dazzling
                  | Flash.
     0 | D:1      | Reached XP level 1. HP: 14/14 MP: 2/2
    41 | D:1      | Reached skill level 2 in Ranged Weapons
    96 | D:1      | Reached XP level 2. HP: 22/22 MP: 3/3
   483 | D:2      | Found Ohaox's General Store.
   489 | D:2      | Reached skill level 1 in Fighting
   539 | D:2      | Reached XP level 3. HP: 26/28 MP: 4/4
  1454 | D:2      | Reached XP level 4. HP: 35/35 MP: 5/5
  1523 | D:2      | Found a faded altar of an unknown god.
  1849 | D:3      | Reached skill level 3 in Ranged Weapons
  1851 | D:3      | Identified a scroll of acquirement
  1851 | D:3      | Acquired a +0 hand crossbow of freezing
  1865 | D:3      | Noticed Ijyb
  2268 | D:4      | You fall into a shaft and drop 2 floors!
  2278 | D:5      | Entered Level 5 of the Dungeon
  2393 | D:6      | Noticed a centaur
  2527 | D:6      | Noticed a scorpion
  2531 | D:6      | Killed a scorpion
  2532 | D:6      | Reached XP level 5. HP: 41/41 MP: 6/6
  2567 | D:6      | Reached skill level 5 in Stealth
  2591 | D:6      | Noticed a water moccasin
  2604 | D:6      | Noticed an ogre
  2724 | D:5      | Noticed a lemure
  2751 | D:4      | Found a staircase to the Ecumenical Temple.
  2768 | D:4      | Reached XP level 6. HP: 27/50 MP: 7/7
  2775 | D:4      | Noticed Menkaure
  2843 | D:4      | Killed Menkaure
  2844 | D:4      | Reached skill level 4 in Ranged Weapons
  2930 | Temple   | Entered the Ecumenical Temple
  3120 | Temple   | Became a worshipper of Hepliaklqana the Forgotten
  3146 | D:4      | Noticed an ice beast
  3550 | D:5      | Noticed Grinder
  3671 | D:4      | Reached XP level 7. HP: 50/57 MP: 8/8
  3898 | D:4      | Reached skill level 5 in Ranged Weapons
  4139 | D:4      | Found Wise's Book Boutique.
  4181 | D:4      | Found a runed translucent door.
  4182 | D:4      | Noticed Crazy Yiuf
  4464 | D:3      | Killed Ijyb
  4856 | D:5      | Paralysed by Grinder for 2 turns
  4869 | D:5      | Paralysed by Grinder for 5 turns
  4876 | D:5      | Killed Grinder
  4877 | D:5      | Reached skill level 6 in Ranged Weapons
  4877 | D:5      | Reached XP level 8. HP: 54/67 MP: 9/9
  4992 | D:5      | Noticed Blork the orc
  4992 | D:5      | Noticed Edmund
  5013 | D:5      | Killed Blork the orc
  5014 | D:5      | Reached skill level 5 in Fighting
  5088 | D:5      | Killed Edmund
  5089 | D:5      | Reached skill level 7 in Ranged Weapons
  5130 | D:5      | Reached * piety under Hepliaklqana
  5186 | D:5      | Noticed Pikel
  5198 | D:5      | Killed Pikel
  5199 | D:5      | Reached skill level 8 in Ranged Weapons
  5199 | D:5      | Reached XP level 9. HP: 35/70 MP: 10/10
  5652 | D:6      | Noticed Prince Ribbit
  5666 | D:6      | Killed Prince Ribbit
  6046 | D:6      | Reached skill level 9 in Ranged Weapons
  6586 | D:7      | Noticed a hornet
  6678 | D:7      | Reached skill level 10 in Ranged Weapons
  6678 | D:7      | Reached XP level 10. HP: 78/79 MP: 5/11
  7745 | D:8      | Noticed a two-headed ogre
  7773 | D:8      | Killed a two-headed ogre
  7774 | D:8      | Reached skill level 11 in Ranged Weapons
  7916 | D:8      | Reached ** piety under Hepliaklqana
  7917 | D:8      | Remembered your ancestor Ghoulbert as a knight
  7937 | D:8      | Found a staircase to the Lair.
  8071 | D:2      | Bought a scroll of acquirement for 728 gold pieces
  8071 | D:2      | Acquired the +1 pair of boots of the Original Sin {rC+ rN+
                  | Int+4}
  8932 | D:9      | Noticed Erolcha
  8932 | D:9      | Noticed Grum
  8947 | D:9      | Killed Grum
  8948 | D:9      | Reached skill level 1 in Invocations
  8948 | D:9      | Reached XP level 11. HP: 15/89 MP: 10/12
  8950 | D:9      | Reached skill level 10 in Fighting
  8950 | D:9      | Reached skill level 12 in Ranged Weapons
  8962 | D:9      | HP: 3/89 [acid dragon (4)]
  8962 | D:9      | Mangled by a wolf

Illustrated notes

Levels and vault maps discovered:
D:1:      saegor_arrival_fortress, layout_basic
D:2:      layout_rooms, serial_shops, shop,
          hellmonk_ecumenical_altar_arch_garden
D:3:      layout_rooms, uniq_ijyb
D:4:      layout_loops_ring, minmay_temple_entry_oklob, serial_shops,
          shop_statue, st_stairs_6, chequers_avenue, dreamdust_wishing_well,
          uniq_menkaure, uniq_crazy_yiuf_cottage
D:5:      layout_rooms, grunt_ministairs_5, uniq_blork_the_orc, uniq_pikel,
          uniq_grinder, uniq_edmund
D:6:      minmay_polygon_palace, layout_basic, kennysheep_generic_room_11,
          uniq_prince_ribbit1
D:7:      layout_rooms
D:8:      layout_cave_pools, lair_entry_dummy
D:9:      layout_roguey, mainiacjoe_overflow_surrounded_room,
          mainiacjoe_overflow_alcove_1, uniq_grum, uniq_erolcha, uniq_joseph
Temple:   nicolae_temple_slightly_damp_pantheon

Skill      XL: |  1  2  3  4  5  6  7  8  9 10 11 |
---------------+----------------------------------+-----
Ranged Weapons | 2 3 4 6 8 10 11 12 | 12.0
Fighting       | 1 2 3 4 6 8 9 10 | 10.0
Stealth        | 4 5 6 |  6.0
Invocations    | 1 |  1.6
Dodging        | |  1.0
Spellcasting   | |  1.7
Conjurations   | |  1.5

Action                   |  1- 3 |  4- 6 |  7- 9 | 10-12 || total
-------------------------+-------+-------+-------+-------++-------
 Fire: Sling             |   141 |    41 |   105 |       ||   287
       Hand crossbow     |       |    49 |   101 |   127 ||   277
Invok: Ancestor Identity |       |       |     1 |       ||     1
       Recall Ancestor   |       |       |       |     6 ||     6
       Ancestor Life: Kn |       |       |       |     1 ||     1
Evoke: Wand              |       |       |     4 |     1 ||     5
  Use: Scroll            |     3 |     5 |     6 |     7 ||    21
       Potion            |       |     3 |     4 |     4 ||    11
Armor: Leather armour    |     6 |       |       |       ||     6
       Ring mail         |    19 |    17 |    38 |    39 ||   113
Dodge: Dodged            |    37 |    23 |    63 |    63 ||   186

Table legend: (Time is in decaauts)
 A = Elapsed time spent in this place.
 B = Non-inter-level travel time spent in this place.
 C = Inter-level travel time spent in this place.
 D = Time resting spent in this place.
 E = Time spent auto-exploring this place.
 F = Levels seen in this place.
 G = Mean time per level.
                   A        B        C        D        E       F      G
               +--------+--------+--------+--------+--------+-----+--------+
         Total |   9168 |   8309 |    859 |    973 |   5668 |  10 |  916.8 |
       Dungeon |   8967 |   8118 |    849 |    973 |   5524 |   9 |  996.3 |
        Temple |    200 |    190 |     10 |      0 |    144 |   1 |  200.0 |
               +--------+--------+--------+--------+--------+-----+--------+

Top non-repeatable levels by time:
     D:6: 1742 daAuts
     D:4: 1432 daAuts
     D:5: 1291 daAuts
     D:1: 1079 daAuts
     D:7: 1034 daAuts
     D:3: 912 daAuts
     D:2: 767 daAuts
     D:8: 631 daAuts
  Temple: 200 daAuts
     D:9: 76 daAuts
